 Dungeon Crawl Stone Soup version bcrawl-1.21.2-28-g2cb1824106 (webtiles) character file.

Game seed: 6286443912057849615

112 Freyura the Poker (level 4, -3/37 HPs)
             Began as a Merfolk Fighter on Mar 22, 2020.
             Slain by a sky beast (5 damage)
             ... on level 3 of the Dungeon.
             The game lasted 00:04:03 (1582 turns).

Freyura the Poker (Merfolk Fighter)                 Turns: 1582, Time: 00:04:04

Health: -3/37      AC:  3    Str: 21    XL:     4   Next: 95%
Magic:  4/4        EV: 10    Int:  7    God:
Gold:   135        SH:  9    Dex: 14    Spells: 3/3 levels left

rFire    . . .     SeeInvis +   a - +0 trident
rCold    . . .     Gourm    .   c - +0 medium shield
rNeg     . . .     Faith    .   m - +0 robe (curse)
rPois    .         Spirit   .   (no helmet)
rElec    .         Reflect  .   (no cloak)
rCorr    .         Harm     .   j - +0 pair of gloves
MR       .....                  (no boots)
Stlth    ..........             (no amulet)
HPRegen  0.12/turn              o - ring of see invisible
MPRegen  0.09/turn              n - ring of attention (curse)

@: mighty
A: change form in water, swift swim, stealthy swim
a: no special abilities


You were on level 3 of the Dungeon.
You were not hungry.

You visited 1 branch of the dungeon, and saw 3 of its levels.

You collected 135 gold pieces.

Inventory:

Hand Weapons
 a - a +0 trident (weapon)
Armour
 b - a +0 scale mail
 c - a +0 medium shield (worn)
 j - a +0 pair of gloves (worn)
 m - a cursed +0 robe (worn)
Jewellery
 l - an uncursed ring of resist corrosion
 n - a cursed ring of attention (right hand)
 o - a ring of see invisible (left hand)
Scrolls
 f - a scroll of identify
Potions
 d - 2 potions of might
 g - 2 potions of haste
 h - a potion of brilliance {unknown}
 i - a potion of heal wounds {unknown}
Comestibles
 e - 5 rations {!d}


   Skills:
 + Level 4.0 Fighting
 + Level 4.1 Polearms
 + Level 2.6 Armour
 + Level 2.3 Dodging
 + Level 3.6 Shields


You had 3 spell levels left.
You didn't know any spells.
Your spell library was empty.

Dungeon Overview and Level Annotations

Branches:
Dungeon (3/12)

Altars:
Lugonu


Message History

The sky beast is lightly wounded.
The sky beast hits you but does no damage.
The hobgoblin hits you with a +0 club.
* * * LOW HITPOINT WARNING * * *
You hit the sky beast but do no damage.
The sky beast is lightly wounded.
You block the sky beast's attack. You block the hobgoblin's attack.
You closely miss the sky beast.
The sky beast is lightly wounded.
You block the sky beast's attack. The hobgoblin hits you with a +0 club.
* * * LOW HITPOINT WARNING * * *
You block the sky beast's attack.
You feel very mighty all of a sudden.
You hear the slow rusting of a very distant drain.
The hobgoblin hits you with a +0 club.
* * * LOW HITPOINT WARNING * * *
The sky beast hits you.
* * * LOW HITPOINT WARNING * * *
The sky beast shocks you.
You die...

..#. .. .... #.
.#..#####. ..
....#... #. #.....#
##.##.....#
#...#.....# .
#.Y..##.## .# ..
#.@#.....##.##.♣
.!....g###.........♣♣
....... ##.........♣
....... #.........♣
....... #.........♣
....... #.........♣
....... #.........♣♣♣
....... ##...†)......
##..........


You could see a sky beast (invisible) and a hobgoblin.

Vanquished Creatures
  A worker ant (D:2)
  Natasha (D:3)
  An adder (D:3)
  A worm (D:2)
  3 dart slugs
  2 leopard geckos (D:2)
  4 bats
  A giant cockroach (D:2)
  7 hobgoblins
  4 jackals (D:2)
  2 quokkas (D:2)
  5 frilled lizards
  2 goblins (D:1)
  3 kobolds
  6 rats
43 creatures vanquished.

Notes
Turn   | Place    | Note
-------+----------+-------------------------------------------
     0 | D:1      | Freyura the Merfolk Fighter began the quest for the Orb.
     0 | D:1      | Reached XP level 1. HP: 18/18 MP: 1/1
   214 | D:1      | Reached XP level 2. HP: 24/24 MP: 2/2
   323 | D:1      | Reached skill level 1 in Dodging
   680 | D:2      | Found a corrupted altar of Lugonu.
   803 | D:2      | Reached XP level 3. HP: 28/29 MP: 3/3
  1331 | D:2      | Reached XP level 4. HP: 28/37 MP: 4/4
  1565 | D:3      | Noticed Natasha
  1565 | D:3      | Noticed a sky beast
  1577 | D:3      | Killed Natasha
  1582 | D:3      | Slain by a sky beast

Skill      XL: |  1  2  3  4 |
---------------+-------------+-----
Dodging        | 1 2 |  2.3
Polearms       | 4 |  4.1
Fighting       | 4 |  4.0
Armour         | |  2.6
Shields        | |  3.6

Action                   |  1- 3 |  4- 6 || total
-------------------------+-------+-------++-------
Melee: Trident           |   105 |    26 ||   131
  Use: Scroll            |     3 |       ||     3
       Potion            |       |     1 ||     1
  Eat: Chunk             |     1 |     1 ||     2
Armor: Scale mail        |    30 |       ||    30
       Robe              |       |     5 ||     5
Dodge: Dodged            |    23 |    16 ||    39
Block: Medium shield     |    32 |    23 ||    55
